 Dungeon Crawl Stone Soup version 0.30.1-9-gdf580d7c3d (webtiles) character file.

Game seed: 14457594999284919070

3 Zalbag the Magician (level 1, -1/15 HPs)
             Began as a Djinni Fire Elementalist on Oct 25, 2023.
             Slain by a goblin
             ... wielding a +0 dagger
              (4 damage)
             ... on level 1 of the Dungeon.
             The game lasted 00:00:28 (188 turns).

Zalbag the Magician (Djinni Fire Elementalist)       Turns: 188, Time: 00:00:29

Health: -1/15      AC:  2    Str:  7    XL:     1   Next: 55%
Gold:   30         EV: 12    Int: 16    God:
                   SH:  0    Dex: 13

rFire   + + .        (no weapon)
rCold   x . .        (no shield)
rNeg    . . .        a - +0 robe
rPois   ∞            (no helmet)
rElec   .            (no cloak)
rCorr   .            (no gloves)
SInv    .            (boots unavailable)
Will    .....        (no amulet)
Stlth   ++           (no ring)
HPRegen 0.22/turn    (no ring)
MPRegen 0.00/turn

%: infuse magic (-2 HP)
@: flying
A: sickness immunity, fire resistance 2, cold vulnerability 1, float, innate
caster, HP casting, extra vitality 1
a: no special abilities


You were on level 1 of the Dungeon.
You visited 1 branch of the dungeon, and saw 1 of its levels.

You collected 30 gold pieces.

Inventory:

Armour
 a - a +0 robe (worn)
Potions
 b - a potion of curing {unknown}


   Skills:
 - Level 2.1 Dodging
 - Level 1.5 Stealth
 * Level 2.6 Spellcasting


You knew the following spells:

 Your Spells              Type           Power      Damage    Failure   Level
a - Foxfire               Conj/Fire      40%        2x1d6     7%          1
b - Scorch                Fire           20%        2d5       10%         2
c - Volatile Blastmotes   Fire/Tloc      20%        2d11      21%         3
d - Inner Flame           Hex/Fire       10%        N/A       21%         3
e - Flame Wave            Conj/Fire      10%        2d6       54%         4
Your spell library was empty.

Dungeon Overview and Level Annotations

Branches:
Dungeon (1/15)

Altars:


Innate Abilities, Weirdness & Mutations

You are immune to sickness and miasma.
You are immune to poison.
Your flesh is very heat resistant. (rF++)
You are vulnerable to cold. (rC-)
You float through the air rather than walking.
You learn spells naturally, not from books.
Your magical power is your life essence.
You have superior vitality. (+4 MHP)


Message History

Confirm with . or Enter, or press ? or * to list all spells.
You conjure some foxfire!
The foxfire hits the rat.
You kill the rat!
Unknown command.
The foxfire hits the jackal.
The jackal is severely wounded.
Casting: Foxfire (safe; 7% risk of failure)
Confirm with . or Enter, or press ? or * to list all spells.
You conjure some foxfire!
Unknown command.
Your foxfire dissipates!
The foxfire hits the jackal but does no damage.
The jackal is severely wounded.
The jackal barely misses you.
Casting: Foxfire (safe; 7% risk of failure)
Confirm with . or Enter, or press ? or * to list all spells.
You conjure some foxfire!
The jackal bites you. The jackal attacks as you move away!
The jackal bites you.
* * * LOW HITPOINT WARNING * * *
The foxfire hits the jackal but does no damage.
The jackal is severely wounded.
The foxfire hits the jackal.
You kill the jackal!
A jackal comes into view.
Casting: Foxfire (safe; 7% risk of failure)
Confirm with . or Enter, or press ? or * to list all spells.
You conjure some foxfire!
The jackal barks!
* * * LOW HITPOINT WARNING * * *
The foxfire hits the goblin.
The goblin is moderately wounded.
The foxfire hits the jackal.
The jackal is moderately wounded.
The jackal misses you. The goblin hits you but does no damage.
There is an open door here.
Unknown command.
The jackal attacks as you move away! The jackal bites you.
* * * LOW HITPOINT WARNING * * *
The goblin attacks as you move away! The goblin hits you with a +0 dagger.
You die...

#
#.#.####'##...######.#
# ####.###### ##.# .
#........# .#..# .
#.######.# .#+..# . #
#.##.##...# ..
#....#....#
#.####....#
#.##......#
##@g...⌠..#
#§.h†.r...#
......§......h.#
##############.#
###### #.####....#
#...##.#...
###h##.#h#. #.g..hr..
######g#.


You could see 2 jackals, a goblin and a rat.

Vanquished Creatures
  A bat (D:1)
  A jackal (D:1)
  A rat (D:1)
3 creatures vanquished.

Vanquished Creatures (others)
  8 foxfires (D:1)
8 creatures vanquished.

Grand Total: 11 creatures vanquished

Notes
Turn   | Place    | Note
-------+----------+-------------------------------------------
     0 | D:1      | Zalbag the Djinni Fire Elementalist began the quest for the
                  | Orb.
     0 | D:1      | Zalbag set off with the following spells memorised:
                  | Foxfire, Scorch, Volatile Blastmotes, Inner Flame, Flame
                  | Wave.
     0 | D:1      | Reached XP level 1. HP: 15/15 MP: 0/0
   188 | D:1      | Slain by a goblin

Illustrated notes

Levels and vault maps discovered:
D:1:      nicolae_arrival_somewhat_less_tricky_arrival, layout_basic,
          serial_corexii_hall, chequers_hall_statues_wall_a,
          chequers_hall_statues_y, glass_columns_c

Action                     || total
---------------------------++-------
  Melee: Unarmed           ||     1
   Cast: Foxfire           ||     6
 Armour: Robe              ||     4
  Dodge: Dodged            ||     7
